 Dungeon Crawl Stone Soup version 0.28.0-43-g3370ac3207 (webtiles) character file.

Game seed: 10223946686386833275

6281 Exporg the Cleaver (level 11, -4/85 HPs)
             Began as a Formicid Fighter on Mar 20, 2022.
             Was a Believer of Dithmenos.
             Slain by a two-headed ogre
             ... wielding a +0 giant club
              (16 damage)
             ... on level 8 of the Dungeon.
             The game lasted 00:19:31 (10244 turns).

Exporg the Cleaver (Formicid Fighter)              Turns: 10244, Time: 00:19:32

Health: -4/85      AC: 15    Str: 28    XL:     11   Next: 15%
Magic:  11/11      EV: 12    Int:  9    God:    Dithmenos [**....]
Gold:   533        SH: 10    Dex: 12    Spells: 10/10 levels left

rFire   . . .      SeeInvis +   t - +2 battleaxe (vorpal)
rCold   . . .      Faith    .   H - +0 buckler
rNeg    . . .      Spirit   .   K - +0 swamp dragon scales
rPois   +          Reflect  +   (helmet unavailable)
rElec   .          Harm     .   m - +2 cloak
rCorr   .          Rampage  .   r - +0 pair of gloves
Will    +....                   s - +0 pair of boots
Stlth   +.........              b - amulet of reflection
HPRegen 0.24/turn               z - +6 ring of strength
MPRegen 0.12/turn               (no ring)

@: wreathed by umbra
A: permanent stasis, dig shafts and tunnels, antennae 3, four strong arms
a: Dig, Shaft Self, Renounce Religion, Shadow Step


You were on level 8 of the Dungeon.
You worshipped Dithmenos.
Dithmenos was pleased with you.
You visited 2 branches of the dungeon, and saw 10 of its levels.

You collected 533 gold pieces.

Inventory:

Hand Weapons
 d - a +3 quarterstaff of chaos
 l - a +3 mace
 t - a +2 vorpal battleaxe (weapon)
 J - a +2 broad axe of flaming
Missiles
 v - 29 bolts
 B - a throwing net
Armour
 j - a +0 chain mail
 m - a +2 cloak (worn)
 r - a +0 pair of gloves (worn)
 s - a +0 pair of boots (worn)
 D - a +0 plate armour
 H - a +0 buckler (worn)
 K - +0 swamp dragon scales (worn)
Jewellery
 b - an amulet of reflection (around neck)
 z - a +6 ring of strength (left hand)
Wands
 a - a wand of charming (2)
 c - a wand of iceblast (15)
 y - a wand of paralysis (2)
 F - a wand of polymorph (11)
 N - a wand of mindburst (6)
Scrolls
 e - a scroll of noise {unknown}
 f - a scroll of magic mapping {unknown}
 i - 11 scrolls of identify {unknown}
 o - 2 scrolls of enchant armour {unknown}
 p - a scroll of teleportation {unknown}
 A - 2 scrolls of immolation {unknown}
 C - a scroll of torment {unknown}
 G - a scroll of fog {unknown}
 M - a scroll of summoning {unknown}
Potions
 g - a potion of haste {unknown}
 h - 3 potions of curing
 k - a potion of cancellation
 n - 2 potions of might
 q - 2 potions of flight
 u - a potion of magic {unknown}
 w - a potion of attraction {unknown}
 x - a potion of ambrosia
 E - a potion of heal wounds {unknown}
 I - a potion of resistance
 L - 2 potions of lignification {unknown}


   Skills:
 + Level 7.7 Fighting
 + Level 9.8 Axes
 + Level 0.3(7.2) Maces & Flails
 + Level 5.8 Staves
 + Level 8.5 Armour
 + Level 3.4 Dodging
 + Level 1.4 Stealth
 + Level 7.0 Shields


You had 10 spell levels left.
You didn't know any spells.
Your spell library contained the following spells:

 Spells                   Type           Power      Damage    Failure   Level
 Animate Skeleton         Necr           0%         N/A       56%         1
 Apportation              Tloc           0%         N/A       56%         1
 Pain                     Necr           0%         1d4       56%         1
 Scorch                   Fire           0%         2d5       71%         2
 Sublimation of Blood     Necr           0%         N/A       71%         2
 Wereblood                Tmut           0%         N/A       71%         2
 Vampiric Draining        Necr           0%         2d6       90%         3
 Flame Wave               Conj/Fire      0%         2d4       100%        4
 Alistair's Intoxication  Tmut/Pois      0%         N/A       100%        5
 Dispersal                Tloc           0%         N/A       100%        6
 Summon Cactus Giant      Summ           0%         N/A       100%        6
 Summon Hydra             Summ           0%         N/A       100%        7
 Disjunction              Tloc           0%         N/A       100%        8


Dungeon Overview and Level Annotations

Branches:
Dungeon (9/15)             Temple (1/1) D:5
   Lair: D:8-11         Orc: D:9-12

Altars:
Cheibriados
Dithmenos
Elyvilon
Fedhas
Gozag
Hepliaklqana
Kikubaaqudgha
Makhleb
Nemelex Xobeh
Qazlal
Ru
Sif Muna
Trog
Uskayaw
Vehumet
Wu Jian
Xom
Yredelemnul
Zin

Shops:
D:2 *   D:9 =

Annotations:
D:3 3 runed translucent doors, dangdung's ghost, amateur OpTm
D:5 2 transporters, dangdung's ghost, novice OpTm
D:6 Pikel


Innate Abilities, Weirdness & Mutations

You cannot be hasted, slowed, berserked, paralysed or teleported.
You can dig through walls and to a lower floor.
You have a pair of large antennae on your head. (SInv)
Your four strong arms can wield two-handed weapons with a shield.


Message History

The two-headed ogre easily resists.
The two-headed ogre hits you with a +0 giant club!!
* * * LOW HITPOINT WARNING * * *
The two-headed ogre closely misses you.
Aiming: Polymorph
Press: ? - help, Shift-Dir - straight line, f/p - two-headed ogre
Aim: a two-headed ogre, wielding two +0 giant clubs (umbra, will become an anaconda, a polar bear, or an orb spider, chance to affect: 31%)
The two-headed ogre easily resists.
Unknown command.
Okay, then.
It was a potion of flight.
You feel very buoyant.
You fly up into the air.
The two-headed ogre completely misses you.
You block the two-headed ogre's attack.
It was a potion of cancellation.
Your magical effects are unravelling.
You feel magically purged.
You float gracefully downwards.
The two-headed ogre barely misses you. The two-headed ogre closely misses you.
It was a potion of ambrosia.
You are confused.
You feel invigorated.
The two-headed ogre hits you with a +0 giant club!
* * * LOW HITPOINT WARNING * * *
The two-headed ogre hits you but does no damage.
You feel better.
You feel less invigorated.
The two-headed ogre barely misses you. x2
You feel better.
You barely miss the two-headed ogre.
The two-headed ogre hits you but does no damage.
The two-headed ogre hits you with a +0 giant club.
You hit the two-headed ogre.
The two-headed ogre is lightly wounded.
The two-headed ogre hits you with a +0 giant club!
* * * LOW HITPOINT WARNING * * *
The two-headed ogre closely misses you.
You slice the two-headed ogre!!
The two-headed ogre is severely wounded.
The two-headed ogre hits you with a +0 giant club!
You die...

############# #...........#
##.#########.#
#########...########.###
#..........O...........#
#.#######..@##.#####...#####
#.########.###.#####........
#.#.....>..........#.#.#####
#.#.######.##.......#.......
#.#.######.##......#.####.##
#..<.................# #...
#..##...##.##......######.##
#..##.#>##.##..######.......
#..##.#.##.##.........###...


You could see a two-headed ogre.

Vanquished Creatures
  Erica (D:8)
  Maggie (D:8)
  Grinder (D:6)
  Prince Ribbit (D:5)
  A steam dragon (D:9)
  10 yaks
  Edmund (D:4)
  A water moccasin (D:7)
  An orc warrior (D:6)
  A sky beast (D:8)
  6 black bears
  3 ogres (D:5)
  A phantom (D:5)
  2 centaurs
  A kobold brigand (D:9)
  6 scorpions
  A wyvern zombie (D:6)
  A gnoll sergeant (D:7)
  A water moccasin zombie (D:5)
  3 killer bees (D:7)
  3 howler monkeys
  2 bullfrog zombies (D:5)
  2 centaur zombies
  3 jellies
  3 orc priests
  2 bullfrog skeletons
  5 hounds
  A gnoll shaman (D:5)
  2 iguanas
  Crazy Yiuf (D:2)
  Natasha (thrice) (D:2)
  9 orc wizards
  A killer bee zombie (D:7)
  A hound skeleton (D:5)
  A howler monkey zombie (D:7)
  12 gnolls
  4 adders
  A shadow imp (D:7)
  2 white imps
  An ufetubus (D:7)
  3 worms
  4 dart slugs
  15 orcs
  8 bats
  3 endoplasms
  4 giant cockroaches
  10 goblins
  8 hobgoblins
  4 jackals (D:1)
  2 quokkas
  5 ball pythons
  2 frilled lizards
  5 kobolds
  5 rats
181 creatures vanquished.

Vanquished Creatures (others)
  2 fungi (D:6)
2 creatures vanquished.

Grand Total: 183 creatures vanquished

Notes
Turn   | Place    | Note
-------+----------+-------------------------------------------
     0 | D:1      | Exporg the Formicid Fighter began the quest for the Orb.
     0 | D:1      | Reached XP level 1. HP: 18/18 MP: 1/1
    99 | D:1      | Reached XP level 2. HP: 20/24 MP: 2/2
   520 | D:1      | Reached XP level 3. HP: 29/29 MP: 3/3
   602 | D:1      | Found a faded altar of an unknown god.
   605 | D:1      | Noticed an eye of devastation
   605 | D:1      | Noticed a golden eye
   606 | D:1      | Noticed a floating eye
   606 | D:1      | Noticed a floating eye
  1182 | D:2      | Found Paaghat's General Store.
  1343 | D:2      | Noticed Natasha
  1348 | D:2      | Killed Natasha
  1349 | D:2      | Reached XP level 4. HP: 37/37 MP: 4/4
  1379 | D:2      | Noticed Natasha
  1437 | D:2      | Killed Natasha
  1464 | D:2      | Noticed Natasha
  1476 | D:2      | Killed Natasha
  1477 | D:2      | Reached skill level 3 in Axes
  1477 | D:2      | Reached skill level 1 in Dodging
  1477 | D:2      | Reached XP level 5. HP: 31/42 MP: 5/5
  1700 | D:2      | Found a runed translucent door.
  1701 | D:2      | Noticed Crazy Yiuf
  1708 | D:2      | Killed Crazy Yiuf
  2277 | D:3      | Found a large runed translucent door.
  2277 | D:3      | Found a large runed translucent door.
  2279 | D:3      | Found a shimmering altar of Xom.
  2296 | D:3      | Reached skill level 4 in Axes
  2298 | D:3      | Reached XP level 6. HP: 43/48 MP: 6/6
  2428 | D:3      | Found a runed translucent door.
  2476 | D:3      | Noticed a black bear
  2493 | D:3      | Killed a black bear
  2494 | D:3      | Reached skill level 1 in Staves
  3139 | D:3      | Noticed dangdung's ghost (amateur OpTm)
  3248 | D:4      | Reached skill level 5 in Armour
  3248 | D:4      | Reached XP level 7. HP: 54/54 MP: 7/7
  4276 | D:5      | Entered Level 5 of the Dungeon
  4276 | D:5      | Noticed Edmund
  4288 | D:4      | Killed Edmund
  4289 | D:4      | Reached XP level 8. HP: 45/61 MP: 8/8
  4499 | D:5      | Found a staircase to the Ecumenical Temple.
  4548 | Temple   | Entered the Ecumenical Temple
  4562 | Temple   | Became a worshipper of Dithmenos the Shadowed
  4807 | D:5      | Reached skill level 5 in Fighting
  4883 | D:5      | Noticed Prince Ribbit
  4893 | D:5      | Killed Prince Ribbit
  4894 | D:5      | Reached skill level 5 in Staves
  4894 | D:5      | Reached skill level 5 in Shields
  5067 | D:5      | Found a transporter.
  5081 | D:5      | Reached XP level 9. HP: 58/68 MP: 9/9
  5200 | D:5      | Found a white marble altar of Elyvilon.
  5238 | D:5      | Reached skill level 5 in Axes
  5280 | D:5      | Reached * piety under Dithmenos
  5285 | D:5      | Found a snail-covered altar of Cheibriados.
  5412 | D:5      | Noticed dangdung's ghost (novice OpTm)
  5424 | D:5      | Found a white marble altar of Elyvilon.
  5499 | D:5      | Found a transporter.
  5757 | D:6      | Identified the +3 leather armour "Quzaov" {Int+2 Dex+2}
  5785 | D:6      | Found a glowing silver altar of Zin.
  5811 | D:6      | Noticed Grinder
  5826 | D:6      | Killed Grinder
  5827 | D:6      | Reached skill level 6 in Axes
  6120 | D:6      | Found a sparkling altar of Nemelex Xobeh.
  6122 | D:6      | Noticed Pikel
  6123 | D:6      | Found a burning altar of Makhleb.
  6125 | D:6      | Found a radiant altar of Vehumet.
  6711 | D:6      | Found a stormy altar of Qazlal.
  6890 | D:7      | Found a shimmering altar of Xom.
  6896 | D:7      | Found a shimmering altar of Xom.
  6896 | D:7      | Found a shimmering altar of Xom.
  6898 | D:7      | Found a shimmering altar of Xom.
  6901 | D:7      | Found a shimmering altar of Xom.
  6933 | D:7      | Reached XP level 10. HP: 77/77 MP: 10/10
  6935 | D:7      | Found a white marble altar of Elyvilon.
  6950 | D:7      | Reached skill level 1 in Stealth
  7075 | D:7      | Identified the +6 dagger "Luip Gom" {pain, Fly rPois Will+
                  | Dex-3 SInv}
  7141 | D:7      | Reached skill level 7 in Axes
  7498 | D:7      | Noticed an elephant
  7499 | D:7      | Noticed a fire crab
  7499 | D:7      | a shapeshifter changed into a fire crab
  7550 | D:7      | Reached ** piety under Dithmenos
  8122 | D:8      | Found a bloodstained altar of Trog.
  8199 | D:8      | Noticed Maggie
  8202 | D:8      | Killed Maggie
  8203 | D:8      | Reached skill level 8 in Axes
  8475 | D:8      | Found an opulent altar of Gozag.
  8559 | D:8      | Noticed Erica
  8568 | D:8      | Killed Erica
  8569 | D:8      | Reached skill level 9 in Axes
  9032 | D:9      | Found Mugeas's Jewellery Shop.
  9411 | D:9      | Reached XP level 11. HP: 49/84 MP: 11/11
  9721 | D:9      | Found an ornate altar of the Wu Jian Council.
  9814 | D:9      | Noticed a two-headed ogre
  9875 | D:9      | Noticed a two-headed ogre
 10244 | D:8      | Slain by a two-headed ogre

Illustrated notes

Levels and vault maps discovered:
D:1:      mrwooster_arrival_statue_2, layout_loops_corners,
          hellmonk_ecumenical_altar_watching_god
D:2:      layout_basic, serial_shops, shop_fountains, minmay_misc_feat_plants,
          minmay_cupped, uniq_crazy_yiuf_cottage, uniq_natasha
D:3:      due_chaos_kobolds, layout_loops_ring, ebering_ghost_sewer_d,
          minmay_goblin_outpost
D:4:      layout_basic, minivault_4
D:5:      layout_cave_pools, elyvilon_altar_3,
          minmay_temple_entry_statues_fountains, gammafunk_ghost_arena,
          chequers_hall_statues_wall_a, hangedman_feature_mirror,
          minmay_a_box_with_orc_wizards_in_it, uniq_edmund, uniq_prince_ribbit1
D:6:      layout_loops_ring, nicolae_overflow_hidden_temple,
          overflow_temple_1_default, mainiacjoe_overflow_chevrons, uniq_pikel,
          uniq_grinder
D:7:      layout_basic, xom_shifter_show, kennysheep_flooded_box,
          minmay_ruined_shrine
D:8:      layout_loops_ring, trog_ov_bears_minmay, grunt_gozag_statues,
          minivault_14, uniq_maggie, uniq_erica
D:9:      layout_basic, kennysheep_okawaru_gauntlet, nzn_wu_jian_council_hall,
          nicolae_tso_carved_into_rock, serial_shops, nicolae_shop_behind_doors
Temple:   compressed_dpeg_triangle_lava_temple

Skill      XL: |  1  2  3  4  5  6  7  8  9 10 11 |
---------------+----------------------------------+-----
Shields        | 4 5 6 7 |  7.0
Armour         | 4 5 6 7 8 |  8.5
Axes           | 3 4 6 9 |  9.8
Dodging        | 1 2 3 |  3.4
Fighting       | 4 5 6 7 |  7.7
Staves         | 1 4 5 |  5.8
Stealth        | 1 |  1.4
Maces & Flails | |  0.3

Action                   |  1- 3 |  4- 6 |  7- 9 | 10-12 || total
-------------------------+-------+-------+-------+-------++-------
Melee: War axe           |    84 |    35 |       |       ||   119
       Quarterstaff      |       |    82 |    97 |       ||   179
       Mace              |       |     3 |       |       ||     3
       Battleaxe         |       |       |   121 |   164 ||   285
 Abil: Dig               |       |     2 |       |       ||     2
Evoke: Wand              |       |       |       |     8 ||     8
  Use: Potion            |       |     1 |       |     7 ||     8
Armor: Scale mail        |    50 |     4 |       |       ||    54
       Chain mail        |       |    93 |   177 |    69 ||   339
       Swamp dragon scal |       |       |       |    27 ||    27
Dodge: Dodged            |    63 |    55 |   106 |    95 ||   319
Block: Buckler           |    25 |    31 |    65 |    99 ||   220
